 Dungeon Crawl Stone Soup version 0.26-a0-651-gb41185065b (webtiles) character file.

Game seed: 6862660023432004929

6334 Arthanis the Cleaver (level 10, -6/66 HPs)
             Began as a Gargoyle Berserker on Oct 28, 2020.
             Was a High Priest of Trog.
             Mangled by Grum
             ... wielding a +0 vampiric glaive
              (14 damage)
             ... on level 8 of the Dungeon.
             The game lasted 00:12:50 (8395 turns).

Arthanis the Cleaver (Gargoyle Berserker)           Turns: 8395, Time: 00:12:50

Health: -6/66      AC: 27    Str: 21    XL:     10   Next: 96%
Magic:  6/6        EV:  7    Int: 15    God:    Trog [*****.]
Gold:   615        SH:  0    Dex:  9    Spells: 9/9 levels left

rFire    + . .     SeeInvis .   H - +6 executioner's axe "Caoply" {antimagic, MP+9 Int+4}
rCold    x . .     Faith    .   (shield currently unavailable)
rNeg     + . .     Spirit   .   r - +0 plate armour
rPois    ∞         Reflect  .   D - +0 helmet
rElec    +         Harm     .   J - +0 cloak (curse)
rCorr    .         Rampage  .   (no gloves)
MR       ++...                  (no boots)
Stlth    ..........             (no amulet)
HPRegen  1.21/turn              g - ring of fire
MPRegen  0.10/turn              v - +4 ring of protection

@: berserk cooldown, regenerating, slowed, studying Shields, very slow
A: negative energy resistance 1, electricity resistance, unbreathing,
petrification resistance, rot immunity, AC +7
a: Berserk, Trog's Hand, Brothers in Arms, Renounce Religion


You were on level 8 of the Dungeon.
You worshipped Trog.
Trog was extremely pleased with you.
You visited 1 branch of the dungeon, and saw 8 of its levels.
You also visited: Bailey.

You collected 615 gold pieces.

Inventory:

Hand Weapons
 a - a +0 hand axe
 d - a +4 hand axe of freezing
 m - a +0 war axe
 s - a +0 halberd
 x - a +1 mace of protection
 E - a +1 halberd of venom
 H - the +6 executioner's axe "Caoply" (weapon) {antimagic, MP+9 Int+4}
   (You found it in a bailey)

   It reduces the magical energy of the wielder, and disrupts the spells and
   magical abilities of those hit.
   Natural abilities and divine invocations are not affected.
   It affects your intelligence (+4).
   It affects your magic capacity (+9).
Missiles
 t - a throwing net (quivered)
Armour
 b - a +0 animal skin
 c - a +0 chain mail
 r - a +0 plate armour (worn)
 D - a +0 helmet (worn)
 G - a +1 chain mail of cold resistance
 J - a cursed +0 cloak (worn)
Jewellery
 e - an uncursed ring of fire
 g - a ring of fire (left hand)
 v - a +4 ring of protection (right hand)
Wands
 p - a wand of polymorph (2)
 I - a wand of iceblast (5)
Scrolls
 k - 6 scrolls of remove curse
 o - a scroll of enchant weapon
 q - 7 scrolls of teleportation
 w - a scroll of magic mapping
 y - a scroll of blinking {unknown}
 B - 3 scrolls of enchant armour {unknown}
 C - a scroll of fog {unknown}
Potions
 f - a potion of mutation {unknown}
 h - a potion of flight {unknown}
 i - 2 potions of brilliance
 j - 7 potions of curing
 l - 2 potions of heal wounds
 n - 2 potions of might
 u - a potion of cancellation {unknown}
 z - a potion of lignification {unknown}
 A - a potion of ambrosia {unknown}
Books
 F - a manual of Shields


   Skills:
 + Level 9.3 Fighting
 * Level 10.6 Axes
 - Level 8.1 Armour
 - Level 2.0 Dodging
 - Level 4.1 Evocations


You had 9 spell levels left.
You didn't know any spells.
Your spell library was empty.

Dungeon Overview and Level Annotations

Branches:
Dungeon (8/15)             Temple (0/1) D:5          Bailey (visited)
   Lair: D:8-11

Altars:
Fedhas
Nemelex Xobeh
Xom

Shops:
D:5 :

Annotations:
D:8 Grum, Prince Ribbit


Innate Abilities, Weirdness & Mutations

You are resistant to torment.
Your stone body is resilient. (AC +7)
You are immune to poison.
You resist negative energy. (rN+)
You are resistant to electric shocks. (rElec)
You can survive without breathing.
You are immune to petrification.
You are immune to rotting.


Message History

* * * LOW HITPOINT WARNING * * *
The orc priest hits you but does no damage.
The howler monkey hoots and howls with incredible vigour!
Prince Ribbit blinks!
The sky beast hits you but does no damage.
The orc priest hits you but does no damage.
You hear an angry hiss.
You hear a shout! x2
You hit the sky beast.
The sky beast is lightly wounded.
You slash the howler monkey! You closely miss Grum.
The howler monkey hits you but does no damage.
Grum hits you with a +0 vampiric glaive!
* * * LOW HITPOINT WARNING * * *
The howler monkey hits you but does no damage.
The sky beast hits you but does no damage.
The orc priest hits you but does no damage.
Prince Ribbit mumbles some strange words.
Prince Ribbit looks slightly unstable.
Grum hits you with a +0 vampiric glaive!
You die...

..## #..# ..# ##..# .##
#...## ##. .# ##...)##
.... .# #.....(### #....
## ...........#####.....
......#......(...#......
....#####.......†go.....
..### ##.....§@Y......
#.# ##......h.§.##. ..#
#.....F..### .#
##......## # ##.....#
......# #.......
........


You could see Grum, Prince Ribbit, a sky beast, a howler monkey (catching
breath) and an orc priest.

Vanquished Creatures
  Erica (D:8)
  Maurice (D:8)
  Joseph (D:8)
  A hippogriff (D:7)
  Edmund (D:6)
  A warg (Bailey)
  2 sky beasts
  A swamp drake (Bailey)
  A phantom (D:7)
  10 orc warriors (Bailey)
  A black bear (D:7)
  7 centaurs
  4 wolves (D:8)
  4 ogres
  A big kobold (D:8)
  4 bullfrogs
  3 scorpions
  5 wights (D:6)
  A vampire bat (D:4)
  A centaur zombie (D:7)
  A bullfrog zombie (D:8)
  2 orc priests
  A centaur skeleton (D:4)
  A hound (D:8)
  A jelly (D:4)
  A bullfrog skeleton (D:8)
  3 orc wizards
  4 gnoll shamans (D:3)
  3 worker ants
  A hound zombie (D:6)
  A hound skeleton (D:4)
  39 gnolls
  10 adders
  A white imp (D:5)
  An ufetubus (D:6)
  2 adder zombies (D:7)
  A worm (D:3)
  A dart slug (D:1)
  3 fire bats (D:4)
  4 leopard geckos
  40 orcs
  2 spectral bats (D:4)
  2 ball pythons
  3 bat skeletons (D:4)
  A bat zombie (D:4)
  5 giant cockroaches
  5 goblins
  8 hobgoblins
  25 jackals
  3 quokkas
  12 bats
  A bat simulacrum (D:4)
  2 frilled lizards
  A giant cockroach zombie (D:3)
  6 kobolds
  A leopard gecko zombie (D:6)
  4 rats
253 creatures vanquished.

Vanquished Creatures (others)
  3 plants (D:3)
3 creatures vanquished.

Grand Total: 256 creatures vanquished

Notes
Turn   | Place    | Note
-------+----------+-------------------------------------------
     0 | D:1      | Arthanis the Gargoyle Berserker began the quest for the
                  | Orb.
     0 | D:1      | Reached XP level 1. HP: 14/14 MP: 1/1
   322 | D:1      | Reached XP level 2. HP: 19/19 MP: 2/2
   667 | D:2      | Reached skill level 3 in Axes
   767 | D:2      | Reached XP level 3. HP: 23/23 MP: 3/3
  1169 | D:3      | Noticed a scorpion
  1186 | D:3      | Killed a scorpion
  1186 | D:3      | Reached XP level 4. HP: 18/29 MP: 4/4
  1410 | D:3      | Reached ** piety under Trog
  1419 | D:3      | Reached XP level 5. HP: 31/33 MP: 5/5
  1522 | D:3      | Reached skill level 4 in Axes
  1908 | D:3      | Reached XP level 6. HP: 39/39 MP: 6/6
  2274 | D:3      | Reached *** piety under Trog
  2631 | D:3      | Reached skill level 5 in Axes
  2764 | D:3      | Reached skill level 5 in Fighting
  2781 | D:3      | Reached XP level 7. HP: 41/44 MP: 7/7
  3481 | D:4      | Reached skill level 6 in Axes
  3498 | D:4      | Reached skill level 5 in Armour
  3536 | D:4      | Reached **** piety under Trog
  3541 | D:4      | Reached XP level 8. HP: 51/51 MP: 8/8
  4108 | D:4      | Reached skill level 7 in Axes
  4382 | D:5      | Entered Level 5 of the Dungeon
  4620 | D:5      | Found a staircase to the Ecumenical Temple.
  4676 | D:5      | Found Jiafud's Book Boutique.
  5039 | D:5      | Found a blossoming altar of Fedhas.
  5291 | D:6      | Reached XP level 9. HP: 57/57 MP: 9/9
  5299 | D:6      | Reached skill level 8 in Axes
  5689 | D:6      | Noticed Edmund
  5696 | D:6      | Killed Edmund
  5850 | D:6      | Found a sparkling altar of Nemelex Xobeh.
  6015 | D:7      | Reached ***** piety under Trog
  6297 | D:7      | Reached skill level 9 in Axes
  6506 | D:8      | Found a shimmering altar of Xom.
  6511 | D:8      | Noticed Erica
  6520 | D:8      | Killed Erica
  6520 | D:8      | Reached XP level 10. HP: 65/65 MP: 10/10
  6589 | D:8      | Found a flagged portal.
  6720 | Bailey   | Entered a bailey
  7109 | Bailey   | Reached skill level 10 in Axes
  7423 | Bailey   | Reached skill level 1 in Evocations
  8036 | Bailey   | Got an iridescent executioner's axe
  8037 | Bailey   | Identified the +6 executioner's axe "Caoply" {antimagic,
                  | MP+9 Int+4} (You found it in a bailey)
  8287 | D:8      | Noticed Maurice
  8293 | D:8      | Killed Maurice
  8368 | D:8      | Received a gift from Trog
  8369 | D:8      | Noticed Joseph
  8377 | D:8      | Noticed Prince Ribbit
  8378 | D:8      | Noticed Grum
  8380 | D:8      | Killed Joseph
  8395 | D:8      | Mangled by Grum

Illustrated notes

Levels and vault maps discovered:
D:1:      lightli_arrival_statuegarden, layout_loops_cross,
          minmay_misc_feat_alley, minmay_misc_feat_room
D:2:      layout_basic
D:3:      lemuel_castle_with_subvaults [lemuel_castle_interior_carwin_1],
          layout_loops_cross, minmay_tree_intersection, minmay_fountain_box,
          minmay_randomly_rotated_circles
D:4:      layout_cave_pools, serial_column_ruins, column_ruins_hut,
          column_ruins_hut, column_ruins_open_medium,
          column_ruins_columns_water, column_ruins_grid_1,
          column_ruins_open_small_water, column_ruins_open_medium,
          goddamned_bats
D:5:      layout_basic, lemuel_round_altar, minmay_temple_entry_overgrown,
          serial_shops, nicolae_shop_competitors_out_of_business
D:6:      layout_loops_ring, nemelex_diamond_rough_becter, uniq_edmund
D:7:      cheibrodos_iron_armory, layout_loops_ring
D:8:      layout_layer_cave, enter_bailey_8, basic_altar,
          kennysheep_small_circle, uniq_grum, uniq_joseph, uniq_maurice,
          uniq_prince_ribbit1, uniq_erica, uniq_pikel

Skill      XL: |  1  2  3  4  5  6  7  8  9 10 |
---------------+-------------------------------+-----
Axes           | 3 4 5 6 7 9 10 | 10.6
Dodging        | 2 |  2.0
Fighting       | 4 5 7 8 9 |  9.3
Armour         | 3 4 5 6 7 8 |  8.1
Evocations     | 4 |  4.1

Action                   |  1- 3 |  4- 6 |  7- 9 | 10-12 || total
-------------------------+-------+-------+-------+-------++-------
Melee: Hand axe          |    51 |       |   114 |    60 ||   225
       War axe           |    48 |   191 |   251 |       ||   490
       Halberd           |       |       |       |   115 ||   115
       Executioner's axe |       |       |       |    32 ||    32
Invok: Berserk           |       |     2 |     8 |     3 ||    13
       Trog's Hand       |       |     1 |       |     1 ||     2
Evoke: Wand              |       |       |       |     7 ||     7
  Use: Scroll            |       |       |     9 |     1 ||    10
 Stab: Confused          |       |       |       |     1 ||     1
Armor: Chain mail        |    60 |   176 |   269 |       ||   505
       Plate armour      |       |       |    80 |   214 ||   294
Dodge: Dodged            |    56 |   130 |   209 |    94 ||   489

Table legend: (Time is in decaauts)
 A = Elapsed time spent in this place.
 B = Non-inter-level travel time spent in this place.
 C = Inter-level travel time spent in this place.
 D = Time resting spent in this place.
 E = Time spent auto-exploring this place.
 F = Levels seen in this place.
 G = Mean time per level.
                   A        B        C        D        E       F      G
               +--------+--------+--------+--------+--------+-----+--------+
         Total |   8650 |   8426 |    224 |    254 |   6009 |   9 |  961.1 |
       Dungeon |   7101 |   6877 |    224 |    254 |   5005 |   8 |  887.6 |
        Bailey |   1549 |   1549 |      0 |      0 |   1004 |   1 | 1549.0 |
               +--------+--------+--------+--------+--------+-----+--------+

Top non-repeatable levels by time:
     D:3: 2238 daAuts
  Bailey: 1549 daAuts
     D:4: 962 daAuts
     D:5: 895 daAuts
     D:2: 734 daAuts
     D:6: 648 daAuts
     D:1: 612 daAuts
     D:7: 608 daAuts
     D:8: 401 daAuts
